AoeStats
← PanDaa

Black Forest

503116246Analyzed
2v2 RM · 3mo ago on Aug 30, 2026· 49m 0s· 4 players
Game mode
Random Map
Map size
Medium (4 player)
Population
200
Speed
Normal
Resources
Standard
Victory
Conquest
Starting age
Dark Age
Ending age
Imperial Age
RankedLock teamsTeams togetherTeam positionsShared explorationLock speedFull tech treeHidden civsTurbo modeCheats
Victory
Defeat
🇹🇷 Aztecs · Türkiye
670
+17
🇹🇷 Vietnamese · Türkiye
669
+17
vs
🇩🇿 Turks · Algeria
689
-17
🇩🇿 Bohemians · Algeria
689
-17
SEZER
0:38 Loom
15:21 Feudal Age
15:48 Horse Collar
15:58 Double-Bit Axe
16:44 Gold Mining
19:04 Bloodlines
19:37 Stone Mining
23:25 Castle Age
25:43 Husbandry
32:42 Wheelbarrow
32:45 Stone Shaft Mining
32:13 Heavy Plow
32:27 Bow Saw
33:17 Hand Cart
33:10 Caravan
33:41 Coinage
33:32 Pikeman
34:13 Squires
35:29 Arson
41:26 Imperial Age
41:33 Halberdier
42:41 Paper Money
43:03 Crop Rotation
43:36 Two-Man Saw
43:11 Banking
42:52 Guilds
44:01 Chemistry
43:13 Fortified Wall
42:45 Treadmill Crane
43:33 Ballistics
44:35 Forging
44:26 Scale Mail Armor
44:16 Fletching
44:26 Padded Archer Armor
46:01 Iron Casting
PanDaa
0:27 Loom
14:43 Feudal Age
18:43 Forging
18:34 Scale Mail Armor
24:27 Castle Age
22:58 Stone Mining
24:16 Gold Mining
24:30 Arson
24:48 Eagle Warrior
26:37 Gold Shaft Mining
26:41 Stone Shaft Mining
27:25 Iron Casting
28:49 Chain Mail Armor
32:01 Squires
36:58 Imperial Age
38:36 Garland Wars
39:19 Blast Furnace
38:49 Plate Mail Armor
39:42 Double-Bit Axe
39:40 Horse Collar
39:26 Elite Eagle Warrior
41:19 Bow Saw
ISLAM EL-FATİH
2:11 Loom
2:29 Loom
12:44 Feudal Age
13:13 Arson
13:32 Man-at-Arms
17:31 Stone Mining
19:48 Double-Bit Axe
20:16 Town Watch
21:53 Wheelbarrow
21:29 Gold Mining
22:06 Horse Collar
25:54 Castle Age
25:46 Fletching
26:02 Scale Barding Armor
27:38 Gold Shaft Mining
31:01 Hand Cart
34:15 Husbandry
35:10 Long Swordsman
35:51 Squires
37:32 Bow Saw
38:51 Heavy Plow
43:36 Imperial Age
41:18 Town Patrol
41:56 Caravan
42:29 Coinage
42:24 Padded Archer Armor
42:25 Scale Mail Armor
Nadji Tepes
2:58 Loom
12:35 Feudal Age
13:51 Double-Bit Axe
15:05 Man-at-Arms
17:07 Arson
18:14 Horse Collar
20:47 Wheelbarrow
23:51 Castle Age
26:00 Heavy Plow
26:15 Bow Saw
26:08 Pikeman
31:36 Crossbowman
34:55 Chemistry
34:21 Hand Cart
40:12 Fortified Wall
42:01 Padded Archer Armor
41:52 Fletching
42:27 Ballistics
46:34 Imperial Age
Connection lost

Rejoining the realm…

Still unreachable

The connection could not be restored.

Session expired

The server has moved on; the page needs a fresh start.